 Dungeon Crawl Stone Soup version 0.31-a0-23-gcbde74481b (webtiles) character file.

Game seed: 15482382148151808038

28 BlueFish the Sneak (level 2, -2/27 HPs)
             Began as a Draconian Delver on May 14, 2023.
             Slain by a sleepcap (20 damage)
             ... on level 5 of the Dungeon.
             The game lasted 00:01:24 (209 turns).

BlueFish the Sneak (Draconian Delver)                Turns: 209, Time: 00:01:25

Health: -2/27      AC:  4    Str: 14    XL:     2   Next: 96%
Magic:  3/11       EV:  2    Int: 10    God:
Gold:   21         SH:  0    Dex: 12    Spells: 1/1 levels left

rFire   . . .        g - +9 dagger of Prescription {speed, MP+9}
rCold   . . .        (no shield)
rNeg    . . .        (body armour unavailable)
rPois   .            (helmet restricted)
rElec   .            (no cloak)
rCorr   .            (no gloves)
SInv    .            (no boots)
Will    .....        (no amulet)
Stlth   +++          (no ring)
HPRegen 0.24/turn    (no ring)
MPRegen 0.12/turn

%: no passive effects
@: sleeping
A: AC +4, unfitting armour, cold-blooded
a: no special abilities


You were on level 5 of the Dungeon.
You visited 1 branch of the dungeon, and saw 1 of its levels.

You collected 21 gold pieces.

Inventory:

Hand Weapons
 a - a +0 short sword
 g - the +9 dagger of Prescription (weapon) {speed, MP+9}
   (You found it on level 5 of the Dungeon)

   MP:        It affects your magic capacity (+9).
Wands
 f - a wand of digging (3)
Scrolls
 b - a scroll of fog
 c - a scroll of magic mapping
 d - a scroll of fear
Potions
 e - a potion of haste


   Skills:
 + Level 3.6 Fighting
 + Level 2.4 Short Blades
 + Level 2.1 Dodging
 + Level 4.7 Stealth


You had one spell level left.
You didn't know any spells.
Your spell library was empty.

Dungeon Overview and Level Annotations

Branches:
Dungeon (5/15)
 Temple: D:4-7

Altars:
Yredelemnul


Innate Abilities, Weirdness & Mutations

Your plain brown scales are hard. (AC +4)
You cannot fit into any form of body armour.
You are cold-blooded and may be slowed by cold attacks.


Message History

Deactivating autopickup; reactivate with Ctrl-A.
You hear a shout!
You hear an angry hiss.
Something tries to affect you, but you resist.
Something tries to affect you, but you resist.
The orc priest miscasts a cantrip.
There is an open door here.
You close the door.
An orc wizard opens the door.
A sleepcap comes into view.
Found a fizzy black potion.
Found a bone dagger.
You see here the +9 dagger of Prescription {speed, MP+9}.
Your hands tingle!
g - the +9 dagger of Prescription (weapon)
{speed, MP+9} A sleepcap comes into view.
The sleepcap moves out of view.
You hit the sleepcap.
You tail-slap the sleepcap, but do no damage.
The sleepcap is lightly damaged.
The sleepcap closely misses you.
You hit the sleepcap but do no damage.
The sleepcap is lightly damaged.
You puncture the sleepcap!
The sleepcap is heavily damaged.
The sleepcap releases spores at you. The sleepcap completely misses you.
You puncture the sleepcap!
The sleepcap is almost destroyed.
You puncture the sleepcap!
You destroy the sleepcap!
The sleepcap closely misses you.
Your Dodging skill increases to level 2!
You have reached level 2!
You puncture the sleepcap!
The sleepcap is moderately damaged.
The sleepcap releases spores at you.
You are engulfed in a cloud of soporific spores!
You fall asleep.
The sleepcap releases spores at you!!
Ouch! That really hurt!
You die...

########## #.#........#
#.#.######.#
#.#.#.f..#.#
#!#.#@#.##.#
#f#.#.#.f..#
#.#.#.###### ##.#.#.#
###....#..
####...###############
......................#
####..###############.#
#.# #.#


You could see a sleepcap.

Vanquished Creatures
  A sleepcap (D:5)
1 creature vanquished.

Notes
Turn   | Place    | Note
-------+----------+-------------------------------------------
     0 | D:5      | BlueFish the Draconian Delver began the quest for the Orb.
     0 | D:5      | Reached XP level 1. HP: 19/19 MP: 1/1
    46 | D:5      | Noticed a phantom
    79 | D:5      | Noticed an orc priest
    79 | D:5      | Noticed an orc wizard
    79 | D:5      | Noticed an orc wizard
   178 | D:5      | Noticed a sleepcap
   187 | D:5      | Identified the +9 dagger of Prescription {speed, MP+9}
   198 | D:5      | Noticed a sleepcap
   207 | D:5      | Killed a sleepcap
   208 | D:5      | Reached XP level 2. HP: 24/27 MP: 2/2
   209 | D:5      | Slain by a sleepcap

Illustrated notes

Levels and vault maps discovered:
D:5:      layout_basic, lemuel_round_altar

Skill      XL: |  1 |
---------------+----+-----
Dodging        | 2 |  2.1
Fighting       | |  3.6
Short Blades   | |  2.4
Stealth        | |  4.7

Action                     || total
---------------------------++-------
  Melee: Dagger            ||     6
         Tailslap          ||     1
  Dodge: Dodged            ||     3

Table legend: (Time is in decaauts)
 A = Elapsed time spent in this place.
 B = Non-inter-level travel time spent in this place.
 C = Inter-level travel time spent in this place.
 D = Time resting spent in this place.
 E = Time spent auto-exploring this place.
 F = Levels seen in this place.
 G = Mean time per level.
                   A        B        C        D        E       F      G
               +--------+--------+--------+--------+--------+-----+--------+
         Total |    206 |    206 |      0 |      0 |     46 |   1 |  206.0 |
       Dungeon |    206 |    206 |      0 |      0 |     46 |   1 |  206.0 |
               +--------+--------+--------+--------+--------+-----+--------+

Top non-repeatable levels by time:
     D:5: 206 daAuts
